 Dungeon Crawl Stone Soup version 0.18.1-47-g9310371 (webtiles) character file.

42 cheezburgr the Grave Robber (level 3, -1/26 HPs)
             Began as a Ghoul Necromancer on June 14, 2016.
             Slain by a worm (3 damage)
             ... on level 2 of the Dungeon.
             The game lasted 00:14:33 (1899 turns).

cheezburgr the Grave Robber (Ghoul Necromancer)     Turns: 1899, Time: 00:14:34

Health: -1/26      AC:  4    Str: 11    XL:     3   Next: 56%
Magic:  1/5        EV: 11    Int: 11    God:
Gold:   71         SH:  0    Dex:  9    Spells: 3 memorised, 1 level left

rFire  . . .     SeeInvis .     e - +0 mace (curse)
rCold  + . .     Gourm    .     i - +0 leather armour
rNeg   + + +     Faith    .     (no shield)
rPois  ∞         Spirit   .     (no helmet)
rElec  .         Dismiss  .     (no cloak)
rCorr  .         Reflect  .     k - +0 pair of gloves
SustAt .         Harm     .     (no boots)
MR     .....                    (no amulet)
Stlth  ++........               (no ring)
                                (no ring)

@: very slightly contaminated, rotting, not resistant to hostile enchantments,
unstealthy
A: rotting body, claws 1, carnivore 3, cold resistance 1, negative energy
resistance 3, slow regeneration 1, torment resistance, unbreathing
a: no special abilities


You were on level 2 of the Dungeon.
You were not hungry.

You visited 1 branch of the dungeon, and saw 2 of its levels.

You collected 71 gold pieces.

Inventory:

Hand Weapons
 e - a cursed +0 mace (weapon)
 g - a +0 hand axe
Missiles
 d - 41 stones (quivered)
Armour
 a - a +0 robe
 i - a +0 leather armour (worn)
 k - a +0 pair of gloves (worn)
Potions
 h - a potion of curing
 j - a potion of invisibility {unknown}
Books
 b - a book of Necromancy

   Spells                             Type                      Level
   a - Pain                           Necromancy                   1
   b - Animate Skeleton               Necromancy                   1
   c - Vampiric Draining              Necromancy                   3
   d - Regeneration                   Charms/Necromancy            3
   e - Animate Dead                   Necromancy                   4
   f - Control Undead                 Necromancy                   4
Comestibles
 c - a meat ration
 f - 5 chunks of flesh


   Skills:
 + Level 0.5 Maces & Flails
 + Level 1.1 Armour
 + Level 1.8 Dodging
 + Level 2.2 Stealth
 + Level 2.0 Spellcasting
 + Level 0.1 Charms
 + Level 4.5 Necromancy


You had one spell level left.
You knew the following spells:

 Your Spells              Type           Power        Failure   Level  Hunger
a - Pain                  Necr           ##..         8%          1    ##.....
b - Animate Skeleton      Necr           N/A          8%          1    ##.....
c - Regeneration          Chrm/Necr      #.........   52%         3    ####...


Dungeon Overview and Level Annotations

Branches:
Dungeon (2/15)

Altars:


Innate Abilities, Weirdness & Mutations

Your body is rotting away.
You thrive on raw meat.
You are immune to poison.
You have sharp fingernails.
You are carnivorous and can eat meat at any time.
Your flesh is cold resistant.
You are immune to negative energy.
You regenerate slowly when monsters are visible.
You are immune to unholy pain and torment.
You can survive without breathing.


Message History

Casting: Regeneration
Confirm with . or Enter, or press ? or * to list all spells.
You don't have enough magic to cast that spell.
Casting: Regeneration
Confirm with . or Enter, or press ? or * to list all spells.
You miscast Regeneration.
Pain shoots through your body.
You hit the worm.
The worm is moderately wounded.
The worm closely misses you.
You hit the worm.
The worm is moderately wounded.
The worm barely misses you.
You barely miss the worm.
The worm is moderately wounded.
The worm bites you.
* * * LOW HITPOINT WARNING * * *
You hit the worm.
The worm is heavily wounded.
The worm bites you.
You die...

#.# #w# ####### #.# #.#
#.....#######.#### #.#
#................# #.#
#................######.#
#................'....w.#
#................########
####................#
###..........@w.......#
#.....................#
#.....................#
..##..........############
..##.......####
..#####....# ..# #....#
..# #....# ..# #....#


You could see a worm.

Vanquished Creatures
  2 adders (D:2)
  A worm (D:2)
  2 ball pythons
  A bat (D:1)
  2 giant cockroaches (D:1)
  2 goblins (D:1)
  4 hobgoblins
  5 giant newts
  3 kobolds (D:1)
  2 rats (D:1)
24 creatures vanquished.

Notes
Turn   | Place    | Note
--------------------------------------------------------------
     0 | D:1      | cheezburgr the Ghoul Necromancer began the quest for the Orb.
     0 | D:1      | Reached XP level 1. HP: 14/14 MP: 2/2
   299 | D:1      | Learned a level 1 spell: Animate Skeleton
   638 | D:1      | Reached XP level 2. HP: 20/20 MP: 1/3
  1468 | D:2      | Reached XP level 3. HP: 20/25 MP: 3/5
  1486 | D:2      | Learned a level 3 spell: Regeneration
  1540 | D:2      | Reached skill level 1 in Armour
  1899 | D:2      | Slain by a worm

Skill      XL: |  1  2  3 |
---------------+----------+-----
Spellcasting   | 2 |  2.0
Armour         | 1 |  1.1
Maces & Flails | |  0.5
Dodging        | |  1.8
Stealth        | |  2.2
Charms         | |  0.1
Necromancy     | |  4.5

Action                   || total
-------------------------++-------
Melee: Mace              ||    86
 Cast: Pain              ||    13
       Animate Skeleton  ||     7
       Regeneration      ||     1
  Use: Potion            ||     4
       Scroll            ||     2
  Eat: Chunk             ||     6
Armor: Robe              ||     3
       Leather armour    ||    39
Dodge: Dodged            ||    78
